 Dungeon Crawl Stone Soup version 0.29.1-1-gd02db6906a (webtiles) character file.

Game seed: 2628119838527995098

8110 Icepheonix32 the Cleaver (level 11, -4/101 HPs)
             Began as a Minotaur Fighter on Sept 18, 2022.
             Was a Priest of Dithmenos.
             Slain by a death yak (12 damage)
             ... on level 10 of the Dungeon.
             The game lasted 00:17:08 (9091 turns).

Icepheonix32 the Cleaver (Minotaur Fighter)         Turns: 9091, Time: 00:17:09

Health: -4/101     AC: 18    Str: 21    XL:     11   Next: 5%
Magic:  10/13      EV: 14    Int: 11    God:    Dithmenos [***...]
Gold:   516        SH:  5    Dex: 14    Spells: 10/10 levels left

rFire   . . .      SeeInvis .   N - +3 hand axe of Epsa {pain, rPois rN+ Int+6}
rCold   . . .      Faith    .   c - +0 buckler
rNeg    + . .      Spirit   .   o - +4 ring mail
rPois   +          Reflect  .   (helmet restricted)
rElec   .          Harm     .   M - +2 cloak
rCorr   .          Rampage  .   (no gloves)
Will    +....                   (no boots)
Stlth   +.........              n - amulet of regeneration
HPRegen 1.06/turn               h - +4 ring of protection
MPRegen 0.13/turn               w - ring of willpower

@: wreathed by umbra, invisible
A: horns 2, retaliatory headbutt
a: Renounce Religion, Shadow Step


You were on level 10 of the Dungeon.
You worshipped Dithmenos.
Dithmenos was most pleased with you.
You visited 1 branch of the dungeon, and saw 10 of its levels.
You also visited: Ossuary.

You collected 1003 gold pieces.
You spent 487 gold pieces at shops.

Inventory:

Hand Weapons
 a - a +0 war axe
 N - the +3 hand axe of Epsa (weapon) {pain, rPois rN+ Int+6}
   (You found it on level 7 of the Dungeon)

   In the hands of one skilled in necromantic magic, it inflicts extra damage on
   living creatures.
   Int:       It affects your intelligence (+6).
   rPois:     It protects you from poison.
   rN:        It protects you from negative energy.
Missiles
 e - 8 curare-tipped darts (quivered)
 l - 3 javelins
 x - 7 boomerangs
Armour
 c - a +0 buckler (worn)
 i - an orb of mayhem
 o - a +4 ring mail (worn)
 y - an orb of energy
 K - a +1 scale mail of positive energy
 M - a +2 cloak (worn)
Jewellery
 h - a +4 ring of protection (left hand)
 n - an amulet of regeneration (around neck)
 w - a ring of willpower (right hand)
 F - a ring of poison resistance
Wands
 B - a wand of polymorph (9)
 E - a wand of charming (6)
 L - a wand of flame (14)
Scrolls
 b - a scroll of vulnerability
 g - 4 scrolls of blinking
 j - 7 scrolls of teleportation {unknown}
 r - 2 scrolls of immolation
 t - 2 scrolls of butterflies
 z - 6 scrolls of fear
 A - a scroll of torment
 C - 2 scrolls of noise {unknown}
 D - a scroll of enchant weapon
 H - 2 scrolls of magic mapping
 I - 2 scrolls of amnesia
 O - a scroll of enchant armour {unknown}
Potions
 d - 5 potions of might
 f - 2 potions of lignification
 k - 7 potions of attraction
 m - 2 potions of brilliance
 p - a potion of ambrosia
 s - 5 potions of curing
 u - a potion of magic
 v - 3 potions of cancellation
 G - 2 potions of haste
 J - a potion of heal wounds {unknown}
 P - a potion of mutation {unknown}


   Skills:
 * Level 10.7 Fighting
 + Level 11.2 Axes
 + Level 0.9 Throwing
 + Level 7.5 Armour
 * Level 8.1 Dodging
 + Level 1.5 Stealth
 + Level 6.5 Shields
 + Level 5.0 Invocations


You had 10 spell levels left.
You didn't know any spells.
Your spell library contained the following spells:

 Spells                   Type           Power      Damage    Failure   Level
 Freeze                   Ice            0%         1d3       56%         1
 Frozen Ramparts          Ice            0%         1d1       90%         3
 Summon Guardian Golem    Hex/Summ       0%         N/A       90%         3
 Hailstorm                Conj/Ice       0%         3d3       100%        4
 Orb of Destruction       Conj           0%         9d5       100%        7
 Spellforged Servitor     Conj/Summ      0%         N/A       100%        7


Dungeon Overview and Level Annotations

Branches:
Dungeon (10/15)            Temple (0/1) D:6         Ossuary (visited)
   Lair: D:8-11         Orc: D:9-12

Altars:
Dithmenos
Elyvilon
Fedhas
Makhleb
Nemelex Xobeh
Sif Muna
Trog
Xom
Yredelemnul
The Shining One

Shops:
D:3 *   D:4 !

Annotations:
D:8 3 runed translucent doors, XxsatanxX's ghost, novice MiBe
D:10 3 runed translucent doors, VardenPike's ghost, journeyman DsIE


Innate Abilities, Weirdness & Mutations

You have a pair of horns on your head.
You reflexively headbutt those who attack you in melee.


Message History

You hit the rat.
You kill the rat!
Dithmenos accepts your kill.
You barely miss the death yak. The death yak completely misses you.
You bump into the rock wall.
The death yak closely misses you.
A troll comes into view.
You're too confused to move!
You feel less invigorated.
You feel less confused.
The troll shouts!
You block the death yak's attack.
You hit the death yak but do no damage. You headbutt the death yak!
The death yak is lightly wounded.
You hit the death yak but do no damage. You headbutt the death yak!
The death yak is moderately wounded.
You block the death yak's attack.
Aiming: Shadow Step
Press: ? - help, Dir - move target, f - death yak
Aim: a death yak (severely wounded, umbra)
You step into the death yak's shadow.
The death yak gores you!
You slash the death yak! You headbutt the death yak.
The death yak is severely wounded.
The death yak gores you!
Unknown command.
You barely miss the death yak.
You headbutt the death yak, but do no damage.
The death yak is severely wounded.
The death yak gores you!
* * * LOW HITPOINT WARNING * * *
Unknown command.
You hit the death yak but do no damage.
The death yak is severely wounded.
Unknown command.
You hit the death yak.
The death yak is almost dead.
The death yak gores you!!
* * * LOW HITPOINT WARNING * * *
Unknown command.
You fade into invisibility!
The death yak gores you!
You die...

##.....## #.....>.#
##.......###.##..#.#
#.........##.#...#.########
+....))...+................
#.........##.#...#.########
##...)...###......>#
##.....## ####.####
##)))########.#
##..TYY@..##.# #
#..#####.##. # #..# .# #
#..# .# # .... .# # .....
.. # #..... .# # ..... !# #
#


You could see 2 death yaks and a troll (unable to see you).

Vanquished Creatures
  The ghost of Fractals the Fighter, a novice HOMo of Makhleb (D:9)
  A death yak (D:10)
  4 wyverns
  6 yaks (D:10)
  3 steam dragons
  Edmund (D:5)
  3 water moccasins
  3 orc warriors
  2 black bears (D:8)
  2 ice beasts (D:7)
  6 centaurs
  7 ogres
  5 kobold brigands
  2 scorpions
  5 bullfrogs
  3 necrophages
  A gnoll sergeant (D:10)
  A wyvern zombie (D:7)
  A wight (D:7)
  9 killer bees
  6 howler monkeys
  A centaur zombie (Ossuary)
  A bullfrog zombie (D:7)
  A human zombie (Ossuary)
  2 jellies
  5 hounds
  3 gnoll boudas (D:7)
  7 orc priests
  8 orc wizards
  An iguana (D:5)
  2 mummies (Ossuary)
  8 adders
  13 gnolls
  A river rat (D:10)
  2 shadow imps
  A white imp (D:5)
  2 ufetubi
  4 worms
  7 dart slugs
  45 orcs
  3 bats
  5 endoplasms
  A giant cockroach (D:1)
  11 goblins
  9 hobgoblins
  5 jackals (D:3)
  5 quokkas
  10 ball pythons
  2 frilled lizards (D:3)
  3 gnoll zombies (Ossuary)
  3 goblin zombies (Ossuary)
  2 hobgoblin zombies (Ossuary)
  28 kobolds
  4 orc zombies (Ossuary)
  6 rats
283 creatures vanquished.

Vanquished Creatures (others)
  6 fungi (D:7)
  15 plants
21 creatures vanquished.

Grand Total: 304 creatures vanquished

Notes
Turn   | Place    | Note
-------+----------+-------------------------------------------
     0 | D:1      | Icepheonix32 the Minotaur Fighter began the quest for the
                  | Orb.
     0 | D:1      | Reached XP level 1. HP: 19/19 MP: 0/0
   353 | D:1      | Reached XP level 2. HP: 19/27 MP: 1/1
   789 | D:1      | Reached skill level 3 in Axes
   941 | D:2      | Found a faded altar of an unknown god.
   947 | D:2      | Reached XP level 3. HP: 34/34 MP: 2/2
  1580 | D:3      | Reached skill level 4 in Axes
  1580 | D:3      | Reached XP level 4. HP: 41/41 MP: 3/3
  1651 | D:3      | Reached skill level 1 in Dodging
  1651 | D:3      | Reached XP level 5. HP: 30/47 MP: 4/4
  1698 | D:3      | Found Dops's Assorted Antiques.
  1704 | D:3      | Bought a scroll labelled OWUEBL ZAEGE for 26 gold pieces
  1704 | D:3      | Bought a scroll labelled OWUEBL ZAEGE for 26 gold pieces
  1704 | D:3      | Bought a scroll labelled PABRAEM SAGE for 26 gold pieces
  1704 | D:3      | Bought a scroll labelled TIEXZO AXTOSHRA for 26 gold pieces
  1704 | D:3      | Bought a fizzy black potion for 23 gold pieces
  1791 | D:3      | Found a blossoming altar of Fedhas.
  2132 | D:3      | Reached skill level 5 in Axes
  2154 | D:3      | Reached skill level 5 in Fighting
  2213 | D:3      | Reached XP level 6. HP: 44/56 MP: 5/5
  2317 | D:3      | Found a sparkling altar of Nemelex Xobeh.
  2591 | D:3      | Bought a scroll labelled UHESTE MIATZAA for 26 gold pieces
  2591 | D:3      | Bought a scroll labelled TIEXZO AXTOSHRA for 26 gold pieces
  2603 | D:4      | Found Facwam's Distillery.
  2607 | D:4      | Bought a potion of curing for 33 gold pieces
  2607 | D:4      | Bought a potion of degeneration for 11 gold pieces
  2917 | D:4      | Reached skill level 6 in Axes
  3347 | D:5      | Entered Level 5 of the Dungeon
  3351 | D:5      | Reached XP level 7. HP: 61/61 MP: 6/6
  3419 | D:5      | Found a sand-covered staircase.
  3451 | Ossuary  | Entered an ossuary
  3496 | Ossuary  | Reached skill level 7 in Axes
  3645 | D:4      | Bought a potion of curing for 33 gold pieces
  3645 | D:4      | Bought a potion of lignification for 33 gold pieces
  3645 | D:4      | Bought a potion of haste for 110 gold pieces
  3645 | D:4      | Bought a potion of cancellation for 88 gold pieces
  3845 | D:5      | Noticed Edmund
  3862 | D:5      | Killed Edmund
  4060 | D:5      | Reached skill level 8 in Axes
  4100 | D:5      | Reached skill level 5 in Armour
  4100 | D:5      | Reached XP level 8. HP: 62/71 MP: 7/7
  4428 | D:5      | Reached skill level 1 in Stealth
  4631 | D:6      | Found a shadowy altar of Dithmenos.
  4645 | D:6      | Became a worshipper of Dithmenos the Shadowed
  4701 | D:6      | Reached skill level 9 in Axes
  4842 | D:6      | Found a white marble altar of Elyvilon.
  4887 | D:6      | Found a staircase to the Ecumenical Temple.
  5506 | D:7      | Reached skill level 1 in Invocations
  5661 | D:7      | Reached skill level 5 in Dodging
  5677 | D:7      | Reached * piety under Dithmenos
  5682 | D:7      | Reached XP level 9. HP: 34/79 MP: 7/9
  5834 | D:7      | Reached skill level 5 in Shields
  6163 | D:7      | Found a shimmering altar of Xom.
  6172 | D:7      | Reached ** piety under Dithmenos
  6225 | D:7      | Identified the +3 hand axe of Epsa {pain, rPois rN+ Int+6}
  6228 | D:7      | Found a basalt altar of Yredelemnul.
  6412 | D:7      | Reached skill level 10 in Fighting
  6520 | D:7      | Reached XP level 10. HP: 92/93 MP: 11/11
  6771 | D:8      | Found a bloodstained altar of Trog.
  6822 | D:8      | Reached skill level 10 in Axes
  6871 | D:8      | Found a runed translucent gate.
  6871 | D:8      | Found a runed translucent gate.
  6871 | D:8      | Found a runed translucent gate.
  6873 | D:8      | Noticed XxsatanxX's ghost (novice MiBe)
  6938 | D:8      | Found a burning altar of Makhleb.
  7047 | D:8      | Found a shimmering blue altar of Sif Muna.
  7150 | D:8      | Found a glowing golden altar of the Shining One.
  7239 | D:9      | Reached *** piety under Dithmenos
  7775 | D:9      | Found a runed translucent door.
  7775 | D:9      | Noticed Fractals's ghost (novice HOMo)
  7819 | D:9      | Killed Fractals's ghost
  8490 | D:10     | Entered Level 10 of the Dungeon
  8844 | D:10     | Found a runed translucent gate.
  8844 | D:10     | Found a runed translucent gate.
  8844 | D:10     | Found a runed translucent gate.
  8847 | D:10     | Noticed VardenPike's ghost (journeyman DsIE)
  8978 | D:10     | Reached skill level 11 in Axes
  9015 | D:10     | Noticed a death yak
  9019 | D:10     | Noticed a death yak
  9021 | D:10     | Noticed a death yak
  9052 | D:10     | Killed a death yak
  9053 | D:10     | Reached skill level 5 in Invocations
  9053 | D:10     | Reached XP level 11. HP: 58/101 MP: 13/13
  9091 | D:10     | Slain by a death yak

Illustrated notes

Levels and vault maps discovered:
D:1:      giann_forest_graveyard, layout_basic
D:2:      layout_basic, nicolae_ecumenical_snake_handling
D:3:      minmay_bubble_buster, layout_basic, general_overflow_altar,
          nemelex_dance_club_becter, serial_shops, nicolae_shop_trees,
          serial_rivers, chequers_serial_rivers_marsh,
          chequers_serial_rivers_small_3, chequers_serial_rivers_small_3,
          chequers_serial_rivers_small_b, glass_columns_a,
          lexackson_kobold_supper
D:4:      layout_basic, serial_shops, nicolae_shop_hallway_stairs,
          minmay_fractal_squares_gapless_5
D:5:      layout_cave_pods, chequers_ossuary_entry_cave, minmay_misc_feat_room,
          uniq_edmund
D:6:      layout_basic, elyvilon_altar_4, grunt_dithmenos_smoke_and_mirrors,
          minmay_temple_entry_grid, chequers_serial_rivers_micro_e
D:7:      kennysheep_seaside_town, layout_basic,
          lemuel_zombie_altar_yredelemnul, xom_confusion_cloud, serial_curves,
          eino_curves_04, eino_curves_03, chequers_serial_rivers_room_a,
          kennysheep_potato
D:8:      layout_rooms, mainiacjoe_overflow_boulevard, trog_ov_bears_minmay,
          old_standard_altar, kennysheep_mini, ebering_ghost_rock_garden
D:9:      layout_layer_cave, gammafunk_ghost_grave, serial_rivers,
          chequers_serial_rivers_micro_c, chequers_serial_rivers_micro_a,
          chequers_serial_rivers_micro_d, chequers_serial_rivers_room_a,
          chequers_serial_rivers_room_a, chequers_serial_rivers_micro_a,
          minmay_misc_feat_columns
D:10:     layout_loops_corners, dpeg_lair_monsters, ebering_ghost_rock_garden

Skill      XL: |  1  2  3  4  5  6  7  8  9 10 |
---------------+-------------------------------+-----
Fighting       | 4 5 6 7 10 | 10.7
Axes           | 3 4 5 6 8 9 11 | 11.2
Armour         | 4 5 6 7 |  7.5
Dodging        | 1 2 3 5 6 8 |  8.1
Shields        | 4 5 6 |  6.5
Stealth        | 1 |  1.5
Invocations    | 1 3 5 |  5.0
Throwing       | |  0.9

Action                   |  1- 3 |  4- 6 |  7- 9 | 10-12 || total
-------------------------+-------+-------+-------+-------++-------
Melee: War axe           |    77 |   140 |   232 |       ||   449
       Headbutt          |    12 |    12 |    39 |    77 ||   140
       Hand axe          |       |       |    34 |   290 ||   324
Throw: Dart              |       |       |     1 |     1 ||     2
Invok: Shadow Step       |       |       |       |     2 ||     2
  Use: Scroll            |       |     6 |     2 |     5 ||    13
       Potion            |       |       |     8 |     3 ||    11
 Stab: Sleeping          |       |       |       |     1 ||     1
Armor: Scale mail        |    12 |       |       |       ||    12
       Ring mail         |    22 |    74 |   145 |    99 ||   340
Dodge: Dodged            |    39 |    68 |   199 |   182 ||   488
Block: Buckler           |    12 |    30 |    87 |    66 ||   195
